 Dungeon Crawl Stone Soup version 0.28-a0-1182-g381e24db82 (webtiles) character file.

Game seed: 2309063865370902501

16900 Ijustatesigmund the Cleaver (level 12, -18/113 HPs)
             Began as a Hill Orc Fighter on Dec 16, 2021.
             Was a Priest of Cheibriados.
             Killed from afar by Azrael (42 damage)
             ... with a fireball
             ... on level 11 of the Dungeon on Dec 17, 2021.
             The game lasted 00:35:55 (14680 turns).

Ijustatesigmund the Cleaver (Hill Orc Fighter)     Turns: 14680, Time: 00:35:56

Health: -18/113    AC: 21    Str: 27    XL:     12   Next: 42%
Magic:  16/18      EV: 14    Int: 19    God:    Cheibriados [***...]
Gold:   2386       SH:  8    Dex: 23    Spells: 11/11 levels left

rFire   . . .      SeeInvis .   a - +2 broad axe
rCold   . . .      Faith    .   c - +1 buckler {reflect}
rNeg    . . .      Spirit   .   b - +0 plate armour
rPois   .          Reflect  +   (no helmet)
rElec   .          Harm     .   y - +1 cloak
rCorr   .          Rampage  .   G - +1 pair of gloves
Will    .....                   J - +0 pair of boots
Stlth   ..........              n - amulet of regeneration
HPRegen 1.08/turn               E - +6 ring of dexterity
MPRegen 0.16/turn               i - +4 ring of evasion

@: very slow
A: no striking features
a: Renounce Religion, Bend Time, Temporal Distortion


You were on level 11 of the Dungeon.
You worshipped Cheibriados.
Cheibriados was most pleased with you.
You visited 2 branches of the dungeon, and saw 13 of its levels.
You also visited: Ossuary and Bailey.

You collected 2386 gold pieces.

Inventory:

Hand Weapons
 a - a +2 broad axe (weapon)
 l - a +1 war axe
 z - a +3 morningstar of freezing
Missiles
 f - 5 throwing nets
 k - 7 javelins (quivered)
Armour
 b - a +0 plate armour (worn)
 c - a +1 buckler of reflection (worn)
 y - a +1 cloak (worn)
 G - a +1 pair of gloves (worn)
 J - a +0 pair of boots (worn)
Jewellery
 e - a ring of protection from cold
 g - an amulet of the acrobat
 i - a +4 ring of evasion (right hand)
 n - an amulet of regeneration (around neck)
 v - a ring of wizardry
 E - a +6 ring of dexterity (left hand)
Wands
 d - a wand of flame (36)
 t - a wand of polymorph (5)
 B - a wand of iceblast (9)
 F - a wand of mindburst (3)
 L - a wand of digging (2)
Scrolls
 h - a scroll of enchant armour
 o - a scroll of fog
 q - 7 scrolls of identify
 u - 2 scrolls of blinking
 w - 2 scrolls of amnesia
 A - 7 scrolls of teleportation
 D - 2 scrolls of fear
 K - a scroll of magic mapping
Potions
 j - a potion of flight
 m - a potion of might
 p - 3 potions of attraction
 r - 3 potions of heal wounds
 s - 2 potions of curing
 x - 4 potions of lignification
 C - a potion of brilliance
 H - a potion of ambrosia
 I - a potion of mutation


   Skills:
 - Level 12.9 Fighting
 - Level 13.7 Axes
 - Level 10.7 Armour
 - Level 3.4 Dodging
 - Level 5.9 Shields
 + Level 8.5 Invocations
 + Level 4.2 Evocations


You had 11 spell levels left.
You didn't know any spells.
Your spell library contained the following spells:

 Spells                   Type           Power      Damage    Failure   Level
 Pain                     Necr           0%         1d4       86%         1
 Ensorcelled Hibernation  Hex/Ice        0%         N/A       95%         2
 Conjure Flame            Conj/Fire      0%         6-21      99%         3
 Ignite Poison            Fire/Tmut/Pois 0%         N/A       99%         3
 Tukima's Dance           Hex            0%         N/A       99%         3
 Sticky Flame             Conj/Fire      0%         2d3       100%        4
 Agony                    Necr           0%         N/A       100%        5
 Excruciating Wounds      Necr           0%         N/A       100%        5


Dungeon Overview and Level Annotations

Branches:
Dungeon (12/15)            Temple (1/1) D:4            Lair (0/6) D:9
    Orc (0/2) D:11        Ossuary (visited)          Bailey (visited)

Altars:
Ashenzari
Cheibriados
Dithmenos
Elyvilon
Fedhas
Gozag
Hepliaklqana
Kikubaaqudgha
Makhleb
Nemelex Xobeh
Okawaru
Qazlal
Ru
Sif Muna
Trog
Uskayaw
Vehumet
Wu Jian
Xom
Yredelemnul
Zin
The Shining One

Shops:
D:1 ==   D:3 (   D:11 *

Annotations:
D:10 exclusion: orange crystal statue
D:11 Azrael


Message History

There is a stone staircase leading down here.
The flow of time bends around you.
Cheibriados rebukes Azrael.
Azrael seems to slow down.
Azrael hits you with a +2 scimitar of flaming!
Azrael burns you.
You slice Azrael!!
Azrael is moderately wounded.
You slash Azrael!
Azrael is heavily wounded.
You block Azrael's attack.
You hit Azrael but do no damage.
Azrael is heavily wounded.
You slash Azrael!
Azrael is heavily wounded.
Azrael drinks a potion.
Azrael is healed!
You completely miss Azrael.
Azrael is heavily wounded.
Azrael hits you with a +2 scimitar of flaming!
Azrael burns you.
You hit Azrael.
Azrael is heavily wounded.
You hit Azrael but do no damage.
Azrael is heavily wounded.
Azrael is momentarily hidden by a cloud of flames.
Azrael misses you.
You slice Azrael!!
Azrael is severely wounded.
Azrael gestures at you.
The sphere of damnation explodes!
The damnation engulfs you!!
* * * LOW HITPOINT WARNING * * *
The damnation engulfs Azrael.
Azrael completely resists.
You barely miss Azrael.
Azrael is severely wounded.
You slice Azrael!!
Azrael is almost dead.
Azrael is no longer moving slowly.
Azrael gestures at you.
The fireball explodes!
The fireball engulfs you!!!
You die...

..#...#.#.###.##.#####[).###.....
#..#......##..##..####...####.##.
..#.>###..#..###.....#)........#.
.....#.#..#...##.......#......#..
#..#.##.....####.##....#.....##..
.....###..#...##.##..........###.
..#.##.#.#..#.##..............#..
..###..).###..##R..#####........#
####.##.###.####@#.####..........
############.#####..##...........
................##...#.........#.
.........#.....####....^......###
.........##.#....##............##
........#####.....##............#
..#.....#.######.....#...........
######.......##..##..............
#####........##.............>....


You could see Azrael.

Vanquished Creatures
  A spark wasp (D:11)
  3 two-headed ogres
  The ghost of Gargoyl the Fighter, a novice GnAK of Lugonu (D:7)
  A lindwurm (D:11)
  An ugly thing (D:7)
  A faun (D:11)
  A manticore (D:7)
  A cyclops (D:11)
  A torpor snail (D:10)
  A komodo dragon (D:11)
  A troll (D:9)
  2 slime creatures (D:11)
  A wyvern (D:7)
  19 yaks
  2 wraiths (D:10)
  3 fire elementals (D:12)
  A basilisk (D:11)
  2 steam dragons
  3 vampire mosquitoes (D:10)
  A warg (D:11)
  2 acid dragons
  2 hell hounds (D:12)
  2 water moccasins
  A black bear (D:3)
  2 ice beasts
  2 ogres
  7 orc warriors
  A necrophage (D:6)
  A sky beast (D:7)
  3 wolves (D:9)
  5 centaurs
  2 kobold brigands (D:10)
  A wyvern zombie (D:8)
  2 gnoll sergeants
  3 scorpions
  A wyvern skeleton (D:6)
  6 killer bees (D:10)
  9 wights
  6 electric eels
  8 howler monkeys
  2 jellies
  A gnoll shaman (D:10)
  7 centaur zombies
  4 orc priests
  7 hounds
  Jessica (D:2)
  4 iguanas
  7 orc wizards
  12 mummies (Ossuary)
  Robin (D:3)
  15 gnolls
  5 adders
  An ufetubus (D:5)
  An adder zombie (D:5)
  2 adder skeletons
  2 worms
  2 dart slugs (D:4)
  35 orcs
  7 endoplasms
  7 giant cockroaches
  17 goblins
  11 hobgoblins
  32 kobolds
  5 quokkas
  6 ball pythons
  A ball python skeleton (D:2)
  3 bats
  3 goblin skeletons (Ossuary)
  A kobold skeleton (Ossuary)
  4 orc skeletons (Ossuary)
  6 rats
  11 rat skeletons (Ossuary)
336 creatures vanquished.

Vanquished Creatures (others)
  4 plants (D:10)
4 creatures vanquished.

Grand Total: 340 creatures vanquished

Notes
Turn   | Place    | Note
-------+----------+-------------------------------------------
     0 | D:1      | Ijustatesigmund the Hill Orc Fighter began the quest for
                  | the Orb.
     0 | D:1      | Reached XP level 1. HP: 19/19 MP: 1/1
    84 | D:1      | Found Zanwunn's Jewellery Boutique.
    97 | D:1      | Reached skill level 3 in Axes
   168 | D:1      | Reached XP level 2. HP: 14/27 MP: 2/2
   735 | D:1      | Found Citt's Jewellery Shoppe.
   861 | D:1      | Reached XP level 3. HP: 32/34 MP: 3/3
   929 | D:2      | Noticed Jessica
   937 | D:2      | Killed Jessica
   938 | D:2      | Reached skill level 4 in Axes
  1148 | D:2      | Reached XP level 4. HP: 41/41 MP: 4/4
  1496 | D:2      | Reached skill level 5 in Fighting
  1830 | D:3      | Reached XP level 5. HP: 24/48 MP: 5/5
  2330 | D:3      | Reached skill level 5 in Axes
  2639 | D:3      | Found a faded altar of an unknown god.
  2640 | D:3      | Noticed a black bear
  2651 | D:3      | Killed a black bear
  2652 | D:3      | Reached XP level 6. HP: 39/57 MP: 6/6
  2704 | D:3      | Noticed Robin
  2713 | D:3      | Killed Robin
  2948 | D:3      | Found an ornate altar of the Wu Jian Council.
  3219 | D:3      | Found Yhysk's Weapon Shoppe.
  3367 | D:4      | Reached skill level 5 in Armour
  3659 | D:4      | Found a staircase to the Ecumenical Temple.
  3678 | D:4      | Reached skill level 6 in Axes
  3678 | D:4      | Reached XP level 7. HP: 46/63 MP: 7/7
  4937 | D:5      | Entered Level 5 of the Dungeon
  5427 | D:5      | Found a sand-covered staircase.
  5457 | D:5      | Reached skill level 7 in Axes
  5466 | Ossuary  | Entered an ossuary
  5604 | Ossuary  | Reached XP level 8. HP: 47/73 MP: 8/8
  6268 | D:5      | Identified a scroll of acquirement
  6270 | D:5      | Acquired 936 gold pieces
  6451 | D:6      | Reached skill level 8 in Axes
  7562 | D:7      | Noticed a two-headed ogre
  7571 | D:7      | Killed a two-headed ogre
  7572 | D:7      | Reached skill level 9 in Axes
  7572 | D:7      | Reached XP level 9. HP: 6/83 MP: 9/9
  7686 | D:8      | Found an iron altar of Okawaru.
  7698 | D:8      | Found a blossoming altar of Fedhas.
  8365 | D:8      | Upgraded the game from 0.28-a0-1167-g616b1c6417 to
                  | 0.28-a0-1182-g381e24db82
  8452 | D:8      | Reached skill level 10 in Axes
  8464 | D:8      | HP: 3/85 [wyvern zombie (8)]
  8856 | D:8      | Reached skill level 10 in Fighting
  8930 | D:9      | Noticed a troll
  8932 | D:9      | Found a flagged portal.
  8941 | Bailey   | Entered a bailey
  9308 | Bailey   | Reached XP level 10. HP: 93/93 MP: 10/10
  9604 | Bailey   | Noticed an orc knight
  9650 | Bailey   | Found an iron altar of Okawaru.
  9687 | D:9      | Reached skill level 11 in Axes
  9737 | D:10     | Entered Level 10 of the Dungeon
  9754 | D:10     | Reached skill level 1 in Dodging
  9876 | D:10     | Noticed an orange crystal statue
  9914 | D:10     | Reached skill level 5 in Shields
  9954 | D:10     | Found a white marble altar of Elyvilon.
 10083 | D:10     | Reached skill level 12 in Axes
 10165 | D:10     | Noticed a two-headed ogre
 10393 | D:10     | Noticed a torpor snail
 10393 | D:10     | a two-headed ogre changed into a torpor snail
 10408 | D:10     | Killed a torpor snail
 10409 | D:10     | Reached XP level 11. HP: 102/102 MP: 11/11
 10653 | Temple   | Entered the Ecumenical Temple
 10718 | Temple   | Became a worshipper of Cheibriados the Contemplative
 10859 | D:7      | Found a runed translucent gate.
 10859 | D:7      | Found a runed translucent gate.
 10861 | D:7      | Found an opulent altar of Gozag.
 10861 | D:7      | Found a runed translucent gate.
 10861 | D:7      | Noticed a manticore
 10863 | D:7      | Noticed a cyan ugly thing
 10863 | D:7      | Noticed Gargoyl's ghost (novice GnAK)
 10879 | D:7      | Killed a cyan ugly thing
 10880 | D:7      | Reached skill level 1 in Invocations
 10884 | D:7      | Killed a manticore
 10922 | D:7      | Killed Gargoyl's ghost
 11390 | D:8      | Noticed a two-headed ogre
 11400 | D:8      | Killed a two-headed ogre
 11416 | D:8      | Reached * piety under Cheibriados
 11418 | D:8      | Reached skill level 10 in Armour
 11548 | D:8      | Found a broken altar of Ashenzari.
 11568 | D:8      | Reached skill level 13 in Axes
 12071 | D:9      | Reached skill level 5 in Invocations
 12128 | D:9      | Found a staircase to the Lair.
 12460 | D:9      | Found a hazy altar of Hepliaklqana.
 12554 | D:9      | Found a bloodstained altar of Trog.
 12560 | D:9      | Found a sacrificial altar of Ru.
 12565 | D:9      | Found an ancient bone altar of Kikubaaqudgha.
 13681 | D:11     | Noticed a boulder beetle
 13682 | D:11     | Noticed a lindwurm
 13682 | D:11     | a boulder beetle changed into a lindwurm
 13689 | D:11     | Killed a lindwurm
 13746 | D:11     | Noticed a boulder beetle
 13755 | D:11     | Noticed a spark wasp
 13755 | D:11     | a boulder beetle changed into a spark wasp
 13762 | D:11     | Killed a spark wasp
 13762 | D:11     | Reached ** piety under Cheibriados
 13763 | D:11     | Reached XP level 12. HP: 113/113 MP: 16/16
 13775 | D:11     | Reached skill level 1 in Evocations
 13898 | D:11     | Found a staircase to the Orcish Mines.
 13980 | D:11     | Noticed a two-headed ogre
 13987 | D:11     | Killed a two-headed ogre
 14213 | D:11     | Found Ywiopt's Overcharged Wands.
 14298 | D:11     | Reached *** piety under Cheibriados
 14391 | D:12     | Noticed Azrael
 14421 | D:12     | Noticed a boulder beetle
 14528 | D:11     | a boulder beetle changed into a faun
 14680 | D:11     | Killed from afar by Azrael

Illustrated notes

Levels and vault maps discovered:
D:1:      lightli_iron_boxes, layout_loops_ring, serial_shops, shop, shop,
          kennysheep_small_spiral
D:2:      layout_basic, minmay_cupped, uniq_jessica
D:3:      layout_basic, mainiacjoe_overflow_alcove_4, serial_aquarium,
          aquarium_bridge_island_small [aquarium_subvault_small_water,
          aquarium_subvault_balcony, aquarium_subvault_bridge,
          aquarium_subvault_wall, aquarium_subvault_bridge],
          aquarium_window_fake, aquarium_window_corner, aquarium_window_fake,
          aquarium_window_3, aquarium_view_2d, aquarium_view_2c,
          aquarium_balcony_double_1, aquarium_pool_side, serial_shops,
          nicolae_shop_stone, basic_ecumenical_altar, uniq_robin
D:4:      layout_basic, minmay_temple_entry_junction_2
D:5:      layout_rooms, enter_ossuary_1, chequers_mini_garden,
          grunt_ministairs_5, serial_bayou_pond_d
D:6:      layout_rooms
D:7:      layout_basic, ebering_ghost_gozag, corexii_hall_statues_x,
          kennysheep_generic_room_13
D:8:      layout_loops_ring, overflow_temple_1_default,
          mainiacjoe_overflow_small_starburst, okawaru_ov_weapons_minmay,
          hex_large
D:9:      layout_irregular_city, minitemple, erik_lair_island, enter_bailey_2,
          kennysheep_donut, grunt_ministairs_7
D:10:     layout_basic, amcnicky_altar_gilded, minivault_15,
          serial_bayou_crossing
D:11:     layout_cave_pools, erik_orc_3, nicolae_shop_overcharged_wands
D:12:     layout_rooms, bh_hangedman_babel_library, uniq_azrael, uniq_snorg
Temple:   cyrus_circular_temple

Skill      XL: |  1  2  3  4  5  6  7  8  9 10 11 12 |
---------------+-------------------------------------+-----
Axes           | 3 4 5 6 7 9 10 12 13 | 13.7
Fighting       | 4 5 6 7 9 10 11 12 | 12.9
Armour         | 4 5 6 8 9 10 | 10.7
Dodging        | 3 |  3.4
Shields        | 5 |  5.9
Invocations    | 6 8 |  8.5
Evocations     | 4 |  4.2

Action                   |  1- 3 |  4- 6 |  7- 9 | 10-12 || total
-------------------------+-------+-------+-------+-------++-------
Melee: War axe           |    58 |   172 |   363 |    10 ||   603
       Broad axe         |       |       |       |   564 ||   564
Throw: Javelin           |       |     2 |     5 |     6 ||    13
Invok: Bend Time         |       |       |       |     3 ||     3
Evoke: Wand              |       |       |    26 |    24 ||    50
  Use: Scroll            |     4 |       |    20 |     9 ||    33
       Potion            |       |     2 |     1 |     5 ||     8
Armor: Scale mail        |    16 |       |       |       ||    16
       Plate armour      |     4 |   111 |   198 |   239 ||   552
       Skin              |       |     4 |       |       ||     4
Dodge: Dodged            |    24 |    56 |   126 |   271 ||   477
Block: Buckler           |     8 |    44 |    95 |   168 ||   315
       Reflection        |       |     1 |     4 |     8 ||    13

Table legend: (Time is in decaauts)
 A = Elapsed time spent in this place.
 B = Non-inter-level travel time spent in this place.
 C = Inter-level travel time spent in this place.
 D = Time resting spent in this place.
 E = Time spent auto-exploring this place.
 F = Levels seen in this place.
 G = Mean time per level.
                   A        B        C        D        E       F      G
               +--------+--------+--------+--------+--------+-----+--------+
         Total |  16039 |  15426 |    613 |   3029 |   9536 |  15 | 1069.3 |
       Dungeon |  14499 |  13920 |    579 |   2495 |   8965 |  12 | 1208.2 |
        Temple |     84 |     51 |     33 |      0 |     42 |   1 |   84.0 |
       Ossuary |    740 |    740 |      0 |     30 |    524 |   1 |  740.0 |
        Bailey |    715 |    715 |      0 |    504 |      5 |   1 |  715.0 |
               +--------+--------+--------+--------+--------+-----+--------+

Top non-repeatable levels by time:
    D:10: 2013 daAuts
     D:8: 1993 daAuts
     D:4: 1512 daAuts
     D:3: 1505 daAuts
     D:9: 1287 daAuts
    D:11: 1275 daAuts
     D:2: 1142 daAuts
     D:6: 1084 daAuts
     D:1: 946 daAuts
     D:7: 936 daAuts
 Ossuary: 740 daAuts
  Bailey: 715 daAuts
     D:5: 708 daAuts
    D:12: 94 daAuts
  Temple: 84 daAuts
